Map: Dreamcatcher LE

Players

Future

  • Race: Terran Terran
  • Spawn Location: 5:00

Semper - Winner!

  • Race: Terran Terran
  • Spawn Location: 11:00

Event: WCS Austin 2018

VOD

Have the link to the VOD?

Description

Time

  • Played on: June 1, 2018, 8:45 p.m.
  • Length: 9:24

All games in this series

Show
View Real Time Build Order
Export as new Build Order

Future Terran 

Build Orders: Cyclone Opening, MMM Bio 

Get SALT Encoding   

  12  0:01  SCV  
  13  0:13  SCV  
  14  0:17  Supply Depot  
  14  0:25  SCV  
  15  0:28  Refinery  
  15  0:38  SCV  
  16  0:44  Barracks  
  16  0:51  SCV  
  16  0:55  Refinery  
  17  1:03  SCV  
  18  1:15  SCV  
  19  1:33  Factory  
  19  1:35  Barracks Reactor  
  19  1:36  Orbital Command  
  19  1:49  Supply Depot  
  19  2:06  SCV  
  20  2:13  Reaper  
  20  2:14  Reaper  
  22  2:18  Cyclone, SCV  
  26  2:27  Supply Depot  
  25  2:30  SCV  
  26  2:42  SCV  
  26  3:00  Cyclone  
  26  3:01  Cyclone  
  26  3:02  SCV  
  33  3:10  Supply Depot  
  33  3:11  Reaper  
  34  3:14  SCV  
  35  3:29  SCV  
  36  3:39  Cyclone x2  
  41  4:01  Command Center  
  41  4:02  Barracks Tech Lab  
  41  4:04  SCV  
  42  4:11  Cyclone  
  45  4:23  Supply Depot  
  46  4:44  Marine, SCV  
  45  4:45  Stimpack  
  45  4:52  Barracks  
  42  4:53  Barracks  
  42  4:56  SCV  
  42  4:59  Factory Reactor  
  43  5:02  Marine  
  44  5:12  Barracks x2  
  45  5:17  Orbital Command  
  45  5:20  Marine, SCV  
  46  5:31  Engineering Bay  
  45  5:40  Marine x2  
  47  5:44  Starport  
  47  5:48  SCV  
  47  5:49  Factory Reactor, SCV  
  49  5:57  Marine x2  
  49  6:00  SCV  
  49  6:02  SCV  
  53  6:05  Terran Infantry Weapons Level 1  
  53  6:12  SCV  
  53  6:14  SCV  
  53  6:15  Barracks Reactor  
  53  6:17  Barracks Reactor  
  55  6:19  Supply Depot  
  55  6:24  SCV  
  56  6:26  SCV  
  56  6:30  Refinery, Factory Tech Lab  
  57  6:36  SCV  
  57  6:38  Medivac, SCV  
  61  6:40  Medivac  
  63  6:47  Marine x2  
  63  6:48  Marine x2  
  63  6:49  Marine  
  63  6:52  SCV  
  63  6:53  SCV  
  70  6:56  Combat Shields  
  70  7:00  Supply Depot  
  70  7:04  SCV  
  70  7:05  SCV  
  70  7:06  Supply Depot  
  72  7:09  Siege Tank  
  72  7:14  Marine x2  
  72  7:15  Marine  
  78  7:21  Marine x2  
  82  7:23  Marine x4  
  82  7:27  Medivac  
  82  7:28  Medivac  
  88  7:32  Marine x3  
  91  7:37  Supply Depot  
  91  7:38  SCV x2  
  91  7:39  Marine x2  
  91  7:40  Supply Depot  
  91  7:41  Marine  
  91  7:42  Marine  
  91  7:43  Marine  
  98  7:46  Marine  
  98  7:50  Marine, SCV  
  101  7:51  Marine  
  101  7:57  Supply Depot  
  102  7:59  Marine x2, Siege Tank  
  102  8:00  Marine  
  102  8:01  Marine  
  102  8:05  Marine x2  
  111  8:10  Marine x2  
  113  8:16  Supply Depot  
  113  8:17  Supply Depot  
  113  8:20  Marine x3  
  113  8:22  Marine  
  117  8:28  Marine  
  117  8:31  Siege Tank  
  121  8:35  Marine x2  
  121  8:36  Medivac  
  121  8:37  Medivac  
  127  8:43  Marine x4  
  127  8:46  Marine  
  127  8:57  Marine x4  
  127  9:00  Marine  
  127  9:01  Marine  
Show
View Real Time Build Order
Export as new Build Order

Semper Terran - Winner!

Build Orders: Cyclone Opening, Gas First Reaper Expand, Reaper Expand, MMM Bio 

Get SALT Encoding   

  12  0:00  SCV  
  13  0:13  SCV  
  14  0:17  Supply Depot  
  14  0:25  SCV  
  15  0:29  Refinery  
  15  0:39  SCV  
  16  0:45  Barracks  
  16  0:51  SCV  
  17  1:03  SCV  
  18  1:15  SCV  
  19  1:32  Orbital Command, Reaper  
  20  1:46  Command Center  
  20  1:58  SCV  
  20  2:00  Factory  
  21  2:07  Barracks Reactor  
  21  2:13  Supply Depot  
  21  2:14  SCV  
  22  2:21  Refinery  
  22  2:26  SCV  
  23  2:45  SCV  
  23  2:48  Marine x2  
  23  2:49  Cyclone  
  29  2:58  Orbital Command  
  29  3:00  SCV  
  30  3:06  Bunker, Marine x2  
  32  3:16  Starport  
  32  3:19  SCV  
  33  3:24  Marine x2  
  35  3:29  SCV  
  36  3:36  Cyclone  
  36  3:39  SCV  
  40  3:42  SCV  
  41  3:53  Starport Tech Lab, Marine x2  
  41  3:55  SCV  
  44  4:02  SCV  
  44  4:07  SCV  
  45  4:13  Marine  
  45  4:14  Marine  
  46  4:22  Supply Depot  
  46  4:27  SCV x2, Raven  
  50  4:34  Factory Tech Lab  
  50  4:40  SCV x2  
  50  4:42  Marine x2  
  54  4:52  Command Center, SCV x2  
  56  5:04  SCV x2, Siege Tank  
  61  5:11  Supply Depot  
  61  5:12  Barracks, Supply Depot  
  61  5:16  SCV  
  62  5:23  Starport Reactor, Stimpack  
  62  5:28  Marine  
  62  5:32  SCV x2  
  64  5:35  Supply Depot  
  64  5:38  Refinery  
  64  5:39  Refinery  
  64  5:40  Barracks  
  64  5:44  SCV x2  
  64  5:45  Siege Tank  
  64  5:47  Marine  
  70  5:57  SCV x2  
  72  5:59  Supply Depot  
  72  6:00  Marine x2  
  72  6:03  Orbital Command  
  74  6:09  Starport Reactor, SCV x2  
  74  6:10  Marine  
  77  6:17  Siege Tank  
  80  6:19  Marine x2  
  80  6:21  SCV x2  
  84  6:31  SCV  
  84  6:32  Engineering Bay x2  
  85  6:33  Supply Depot, SCV  
  85  6:35  Marine x2  
  85  6:37  SCV  
  85  6:39  Marine  
  89  6:40  Marine  
  91  6:48  Medivac x2  
  91  6:50  SCV  
  91  6:53  Orbital Command, SCV  
  97  6:57  Marine x2  
  99  7:02  SCV  
  99  7:04  Terran Infantry Weapons Level 1, Terran Infantry Armor Level 1, Sensor Tower  
  99  7:06  SCV  
  101  7:09  Marine x2  
  101  7:11  Siege Tank  
  101  7:14  Marine  
  101  7:15  Marine  
  108  7:17  SCV  
  108  7:18  SCV  
  108  7:19  SCV  
  111  7:23  Missile Turret  
  111  7:24  Supply Depot  
  111  7:27  Supply Depot  
  111  7:29  Marine x2, SCV  
  114  7:30  SCV  
  114  7:31  SCV  
  114  7:32  Marine  
  117  7:42  Combat Shields  
  117  7:45  Medivac x2, Marine x2  
  117  7:46  SCV x2  
  117  7:49  Supply Depot  
  117  7:50  Barracks  
  117  7:51  Marine x3  
  117  7:53  Siege Tank  
  117  7:54  SCV  
  117  7:58  SCV  
  125  8:02  SCV  
  125  8:03  Barracks, Marine  
  125  8:05  Marine  
  126  8:08  SCV  
  126  8:09  Marine x2  
  126  8:12  Supply Depot, Missile Turret  
  129  8:14  Armory  
  129  8:15  Medivac  
  129  8:16  Marine  
  132  8:21  Marine, SCV  
  132  8:23  Marine  
  132  8:25  SCV x2  
  132  8:26  Marine  
  132  8:27  Refinery x2, Marine  
  137  8:29  Factory  
  137  8:33  Siege Tank  
  142  8:34  Marine, Missile Turret  
  142  8:36  Missile Turret  
  142  8:37  SCV  
  142  8:39  Marine  
  145  8:41  Marine x2  
  145  8:44  Marine  
  145  8:45  Marine  
  149  8:52  Marine  
  149  8:55  Marine  
  147  8:57  Marine  
  147  8:59  Marine x2  
  147  9:00  SCV x2  
  147  9:02  Marine x2  
  145  9:04  SCV  
  147  9:12  SCV  
Tags
 
Add a new tag
Caveats
  • Supply blocks, unpowered buildings, or Contaminate may cause inaccurate times.
  • Supply counts are checked every 10 seconds.